 Dungeon Crawl Stone Soup version 0.30-a0-50-gb2d611f6b1 (webtiles) character file.

Game seed: 4664813440801461886

189945 timneilson the Peltast (level 18, -6/112 HPs)
             Began as a Gargoyle Fighter on Sept 4, 2022.
             Was a High Priest of Okawaru.
             Mangled by a caustic shrike simulacrum (24 damage)
             ... in an ice cave.
             The game lasted 01:43:50 (35849 turns).

timneilson the Peltast (Gargoyle Fighter)          Turns: 35849, Time: 01:43:52

Health: -6/112     AC: 46    Str: 33    XL:     18   Next: 15%
Magic:  15/17      EV: 15    Int: 14    God:    Okawaru [*****.]
Gold:   1116       SH: 32    Dex: 16    Spells: 17/17 levels left

rFire   + + .      SeeInvis .    Q - +5 long sword of the Asp {freeze, rElec rC+ rCorr Dex+4}
rCold   + . .      Faith    .    N - +5 tower shield of the Spheres {-Tele rF++ Str+4 Stlth+}
rNeg    + . .      Spirit   .    L - +3 plate armour
rPois   ∞          Reflect  +    S - +0 helmet {Int+3}
rElec   +          Harm     .    h - +1 cloak
rCorr   +          Rampage  .    p - +1 pair of gloves
Will    +....      NoTele   +    u - +0 pair of boots of Ugairavy {MP-9 Str+3 Dex+3}
Stlth   ..........               j - amulet of reflection
HPRegen 0.28/turn                i - +4 ring of slaying
MPRegen 0.15/turn                q - +4 ring of slaying

@: heroic, flying, studying Fire Magic
A: sickness immunity, AC +13, big wings, negative energy resistance 1,
electricity resistance, torment resistance 1, petrification resistance
}: 1/15 runes: serpentine
a: Renounce Religion, Heroism, Finesse, Duel


You were in an ice cave.
You worshipped Okawaru.
Okawaru was extremely pleased with you.
You visited 6 branches of the dungeon, and saw 30 of its levels.
You also visited: Ice Cave.

You collected 3178 gold pieces.
You spent 2062 gold pieces at shops.

Inventory:

Hand Weapons
 a - a +1 spectral long sword
 A - a +4 scimitar of flaming
 Q - the +5 long sword of the Asp (weapon) {freeze, rElec rC+ rCorr Dex+4}
   (Okawaru gifted it to you on level 13 of the Dungeon)

   It freezes those it strikes, dealing additional cold damage.
   It can also slow down cold-blooded creatures.
   Dex:       It affects your dexterity (+4).
   rC:        It protects you from cold.
   rElec:     It insulates you from electricity.
   rCorr:     It protects you from acid and corrosion.
Armour
 h - a +1 cloak (worn)
 p - a +1 pair of gloves (worn)
 u - the +0 pair of boots of Ugairavy (worn) {MP-9 Str+3 Dex+3}
   (You bought it in a shop on level 2 of the Orcish Mines)

   Str:       It affects your strength (+3).
   Dex:       It affects your dexterity (+3).
   MP:        It affects your magic capacity (-9).
 L - a +3 plate armour (worn)
 N - the +5 tower shield of the Spheres (worn) {-Tele rF++ Str+4 Stlth+}
   (Okawaru gifted it to you on level 2 of the Lair of Beasts)

   Str:       It affects your strength (+4).
   rF:        It greatly protects you from fire.
   -Tele:     It prevents most forms of teleportation.
   Stlth:     It makes you more stealthy.
 S - a +0 helmet of intelligence (worn)
Jewellery
 i - a +4 ring of slaying (left hand)
 j - an amulet of reflection (around neck)
 q - a +4 ring of slaying (right hand)
 t - a ring of protection from fire
 z - a ring of resist corrosion
 K - a ring of positive energy
 X - a ring of positive energy
 Y - the ring "Keifeph" {rN++ Str+6}
   (You bought it in a shop on level 3 of the Snake Pit)

   [ring of strength]

   Str:       It affects your strength (+6).
   rN:        It greatly protects you from negative energy.
Wands
 k - a wand of polymorph (3)
 m - a wand of paralysis (5)
 r - a wand of digging (5)
 s - a wand of flame (54)
 G - a wand of iceblast (7)
 O - a wand of light (7)
 U - a wand of mindburst (9)
Scrolls
 c - 2 scrolls of brand weapon
 o - 3 scrolls of silence
 v - 6 scrolls of magic mapping
 B - 11 scrolls of teleportation
 C - 5 scrolls of blinking
 E - 7 scrolls of enchant armour
 H - 6 scrolls of identify
 J - 2 scrolls of poison
 R - a scroll of acquirement
 V - 2 scrolls of fear
Potions
 b - 2 potions of invisibility
 d - 4 potions of might
 e - 3 potions of resistance
 f - 4 potions of berserk rage
 g - 11 potions of curing
 l - 3 potions of heal wounds
 F - 2 potions of cancellation
 I - 6 potions of attraction
 M - 3 potions of haste
 P - 2 potions of ambrosia
 T - 2 potions of mutation
Miscellaneous
 W - a condenser vane


   Skills:
 + Level 12.2(17.2) Fighting
 * Level 13.9(18.9) Long Blades
 * Level 16.5(21.5) Armour
 + Level 8.9(13.9) Dodging
 * Level 16.5(21.5) Shields
 + Level 10.8 Invocations
 + Level 9.2 Evocations


You had 17 spell levels left.
You didn't know any spells.
Your spell library contained the following spells:

 Spells                   Type           Power      Damage    Failure   Level
 Beastly Appendage        Tmut           0%         N/A       87%         1
 Freeze                   Ice            0%         1d3       87%         1
 Magic Dart               Conj           0%         1d3       87%         1
 Blink                    Tloc           0%         N/A       95%         2
 Ensorcelled Hibernation  Hex/Ice        0%         N/A       95%         2
 Searing Ray              Conj           0%         2d4       95%         2
 Wereblood                Tmut           0%         N/A       95%         2
 Frozen Ramparts          Ice            0%         1d1       99%         3
 Inner Flame              Hex/Fire       0%         N/A       99%         3
 Lesser Beckoning         Tloc           0%         N/A       99%         3
 Ozocubu's Armour         Ice            0%         N/A       99%         3
 Portal Projectile        Hex/Tloc       0%         N/A       99%         3
 Spider Form              Tmut/Pois      0%         N/A       99%         3
 Airstrike                Air            0%         2d(0-16)  100%        4
 Cause Fear               Hex            0%         N/A       100%        4
 Corpse Rot               Necr/Pois/Air  0%         N/A       100%        4
 Dispel Undead            Necr           0%         3d6       100%        4
 Fulminant Prism          Conj/Hex       0%         3d6       100%        4
 Hailstorm                Conj/Ice       0%         3d3       100%        4
 Iskenderun's Mystic Bla  Conj/Tloc      0%         2d3       100%        4
 Leda's Liquefaction      Hex/Erth       0%         N/A       100%        4
 Petrify                  Tmut/Erth      0%         N/A       100%        4
 Alistair's Intoxication  Tmut/Pois      0%         N/A       100%        5
 Blade Hands              Tmut           0%         N/A       100%        5
 Borgnjor's Vile Clutch   Necr/Erth      0%         N/A       100%        5
 Fireball                 Conj/Fire      0%         3d3       100%        5
 Iskenderun's Battlesphe  Conj           0%         2d6       100%        5
 Lee's Rapid Deconstruct  Erth           0%         3d5*      100%        5
 Lightning Bolt           Conj/Air       0%         1d11      100%        5
 Manifold Assault         Tloc           0%         N/A       100%        5
 Metabolic Englaciation   Hex/Ice        0%         N/A       100%        5
 Conjure Ball Lightning   Conj/Air       0%         3x3d6     100%        6
 Eringya's Noxious Bog    Tmut/Pois      0%         N/A       100%        6
 Iron Shot                Conj/Erth      0%         9d1       100%        6
 Orb of Destruction       Conj           0%         9d5       100%        7
 Discord                  Hex            0%         N/A       100%        8
 Polar Vortex             Ice            0%         N/A       100%        9
 Call Canine Familiar     Summ           Unusable   N/A       N/A         3
 Animate Armour           Summ/Erth      Unusable   N/A       N/A         4
 Summon Ice Beast         Ice/Summ       Unusable   N/A       N/A         4
 Summon Lightning Spire   Summ/Air       Unusable   N/A       N/A         4
 Death Channel            Necr           Unusable   N/A       N/A         6
 Simulacrum               Ice/Necr       Unusable   N/A       N/A         6
 Statue Form              Tmut/Erth      Unusable   N/A       N/A         6

Dungeon Overview and Level Annotations

Branches:
Dungeon (15/15)            Temple (1/1) D:6            Lair (5/5) D:8
 Shoals (3/4) Lair:2        Snake (4/4) Lair:3        Slime (0/5) Lair:4
    Orc (2/2) D:11            Elf (0/3) Orc:2        Vaults (0/5) D:14
 Depths (0/4) D:15          IceCv (1/1)

Altars:
Ashenzari
Cheibriados
Dithmenos
Elyvilon
Fedhas
Gozag
Hepliaklqana
Kikubaaqudgha
Makhleb
Nemelex Xobeh
Okawaru
Qazlal
Ru
Sif Muna
Trog
Uskayaw
Vehumet
Wu Jian
Xom
Yredelemnul
Zin
The Shining One

Shops:
D:7 (   D:12 (   Orc:2 ([([   Shoals:1 :   Snake:3 =

Annotations:
D:12 1 runed translucent door, bchevrier's ghost, journeyman GnWn
D:15 2 runed translucent doors, logorrheac's ghost, journeyman TrBe


Innate Abilities, Weirdness & Mutations

You are immune to sickness and miasma.
Your stone body is resilient. (AC +13)
You are immune to poison.
Your large and strong wings let you fly.
You resist negative energy. (rN+)
You are resistant to electric shocks. (rElec)
You are resistant to unholy torment.
You are immune to petrification.


Message History

You feel like a meek peon again.
A caustic shrike simulacrum comes into view.
The caustic shrike simulacrum barely misses you.
You slash the caustic shrike simulacrum!
The caustic shrike simulacrum is lightly damaged.
The caustic shrike simulacrum claws you but does no damage.
You block the caustic shrike simulacrum's attack.
You closely miss the caustic shrike simulacrum.
The caustic shrike simulacrum is lightly damaged.
The caustic shrike simulacrum claws you.
The caustic shrike simulacrum freezes you!!
You resist.
You slash the caustic shrike simulacrum!
The caustic shrike simulacrum is heavily damaged.
You block the caustic shrike simulacrum's attack.
The caustic shrike simulacrum claws you.
The caustic shrike simulacrum freezes you!
You resist.
You barely miss the caustic shrike simulacrum.
The caustic shrike simulacrum is heavily damaged.
You block the caustic shrike simulacrum's attack. x2
You miss the caustic shrike simulacrum.
The caustic shrike simulacrum is heavily damaged.
You block the caustic shrike simulacrum's attack.
You miss the caustic shrike simulacrum.
The caustic shrike simulacrum is heavily damaged.
The caustic shrike simulacrum claws you!
The caustic shrike simulacrum freezes you!
You resist.
* * * LOW HITPOINT WARNING * * *
You block the caustic shrike simulacrum's attack.
You gain the combat prowess of a mighty hero.
You block the caustic shrike simulacrum's attack.
You slice the caustic shrike simulacrum!!
The caustic shrike simulacrum is almost destroyed.
The caustic shrike simulacrum claws you!
* * * LOW HITPOINT WARNING * * *
The caustic shrike simulacrum freezes you!!
You resist.
You die...

##...## ##..∩..##
#.......# ###
#...∩...# ##..
######.....##
###...####≈≈≈###...##
#.......#.#≈≈≈##...##
..........≈≈≈≈≈##...#
......Z@.##≈≈≈###...#
8........##≈≈≈.#...##
#........###≈≈....##
.....###.. #≈##..##
.#### ##..#####..#
.## ##..# ## ..# ...#
.....


You could see a caustic shrike simulacrum.

Vanquished Creatures
  Saint Roka (Snake:2)
  Rupert (Lair:5)
  Mlioglotl (Snake:2)
  2 quicksilver dragons (Snake:4)
  Polyphemus (Shoals:2)
  Frances (D:12)
  Kirke (Snake:1)
  Ilsuiw (Shoals:2)
  3 nagarajas
  Louise (Snake:1)
  Aizul (Snake:1)
  2 orc warlords (Orc:2)
  A stone giant (D:15)
  Azrael (D:14)
  2 merfolk impalers
  3 hydras
  A salamander tyrant (Snake:4)
  5 vault guards (D:14)
  2 boulder beetles
  3 merfolk avatars
  6 two-headed ogres
  2 merfolk aquamancers (Shoals:2)
  An ogre mage (D:14)
  A catoblepas (Shoals:2)
  An alligator snapping turtle (Shoals:1)
  5 anacondas
  13 naga warriors
  4 death yaks (Shoals:2)
  A satyr (Shoals:1)
  7 centaur warriors
  A death knight (D:14)
  3 tengu warriors
  Urug (Lair:3)
  3 naga sharpshooters
  An orc high priest (Orc:2)
  9 shock serpents
  Sonja (Lair:5)
  A fire crab (shapeshifter) (D:15)
  3 salamander mystics
  11 sea snakes
  A spriggan simulacrum (IceCv)
  A deep troll (D:14)
  A bog body (IceCv)
  9 naga ritualists
  2 wizards
  2 deep elf archers (D:14)
  9 harpies
  A deep elf pyromancer (D:12)
  3 orc sorcerers (Orc:2)
  8 mana vipers
  2 necromancers
  3 orc knights (Orc:2)
  4 fauns
  11 manticores
  4 ugly things (D:15)
  11 salamanders
  5 cyclopes
  7 merfolk sirens
  8 guardian serpents
  8 elephants
  39 black mambas
  A water nymph (Shoals:3)
  11 naga magi
  A torpor snail (Lair:3)
  2 unseen horrors (D:11)
  9 cane toads
  A yaktaur (D:14)
  3 rime drakes (Lair:5)
  9 komodo dragons
  2 tengu conjurers
  An anaconda simulacrum (IceCv)
  2 efreet
  2 freezing wraiths
  5 trolls
  A queen bee (Lair:2)
  3 meliai (Lair:2)
  A wolf spider simulacrum (D:15)
  A hornet (Lair:5)
  5 wind drakes
  4 polar bears
  12 merfolk
  12 slime creatures (D:12)
  7 dream sheep
  14 blink frogs
  5 snapping turtles
  A shadow (D:6)
  44 yaks
  2 wraiths
  5 water elementals
  2 dire elephant simulacra (IceCv)
  6 wyverns
  Eustachio (D:7)
  2 fire elementals (D:14)
  2 hogs (Snake:1)
  Grum (D:8)
  6 humans
  3 steam dragons
  10 basilisks
  10 vampire mosquitoes
  31 nagas
  4 wargs
  An acid dragon (D:13)
  An acid dragon (shapeshifter) (D:14)
  2 hell hounds (D:14)
  9 water moccasins
  An ice beast (D:5)
  4 black bears
  41 orc warriors
  A sky beast (D:7)
  An alligator simulacrum (IceCv)
  5 ogres
  7 wolves
  11 centaurs
  A phantom (D:4)
  2 kobold brigands
  2 necrophages
  5 gnoll sergeants
  3 scorpions
  8 bullfrogs
  3 wights (D:10)
  30 killer bees
  8 electric eels
  6 howler monkeys
  A lava snake (Lair:4)
  A gnoll bouda (Orc:2)
  13 orc priests
  5 hounds
  3 jellies
  4 iguanas
  35 orc wizards
  6 hell rats (Lair:3)
  27 gnolls
  2 adders (D:4)
  2 shadow imps (D:6)
  2 white imps
  2 dart slugs (D:2)
  128 orcs
  3 bats (D:1)
  8 endoplasms
  3 giant cockroaches
  7 goblins
  4 hobgoblins
  2 jackals (D:2)
  6 quokkas
  10 ball pythons
  6 frilled lizards
  14 kobolds
  5 rats
943 creatures vanquished.

Vanquished Creatures (others)
  A naga warrior (Snake:2)
  A wizard (D:14)
  A manticore (Shoals:3)
  A naga mage (Snake:1)
  A water elemental (Shoals:2)
  2 human simulacra (D:9)
  18 fungi
  123 plants
148 creatures vanquished.

Grand Total: 1091 creatures vanquished

Notes
Turn   | Place    | Note
-------+----------+-------------------------------------------
     0 | D:1      | timneilson the Gargoyle Fighter began the quest for the
                  | Orb.
     0 | D:1      | Reached XP level 1. HP: 14/14 MP: 1/1
   209 | D:1      | Reached XP level 2. HP: 17/19 MP: 2/2
   247 | D:1      | Found a faded altar of an unknown god.
  1024 | D:2      | Reached XP level 3. HP: 23/23 MP: 3/3
  1822 | D:3      | Reached XP level 4. HP: 27/28 MP: 4/4
  2688 | D:4      | Noticed a gnoll sergeant
  2917 | D:4      | Noticed a necrophage
  2918 | D:4      | Found an ornate altar of the Wu Jian Council.
  2922 | D:4      | Killed a necrophage
  2923 | D:4      | Reached skill level 1 in Dodging
  2923 | D:4      | Reached XP level 5. HP: 29/33 MP: 5/5
  3288 | D:4      | Reached XP level 6. HP: 38/38 MP: 6/6
  3295 | D:4      | Found an opulent altar of Gozag.
  3347 | D:4      | Identified the +11 quarterstaff "Embalmer" {vamp, Fragile
                  | rF- Str+9 Stlth+}
  3532 | D:4      | Reached skill level 5 in Armour
  3532 | D:4      | Reached skill level 5 in Shields
  3653 | D:4      | Reached XP level 7. HP: 39/43 MP: 7/7
  3691 | D:4      | You fall into a shaft and drop 2 floors!
  3691 | D:6      | Found a stormy altar of Qazlal.
  3691 | D:6      | Found a sacrificial altar of Ru.
  3707 | D:6      | Noticed a yak
  3713 | D:6      | Killed a yak
  3715 | D:6      | Noticed a shadow
  3730 | D:6      | Killed a shadow
  3731 | D:6      | Reached XP level 8. HP: 42/48 MP: 8/8
  3754 | D:6      | Noticed Eustachio
  3974 | D:5      | Entered Level 5 of the Dungeon
  4006 | D:5      | Noticed a wyvern
  4355 | D:5      | Killed a wyvern
  4356 | D:5      | Reached skill level 5 in Fighting
  4439 | D:4      | Reached skill level 5 in Long Blades
  4574 | D:5      | Found a broken altar of Ashenzari.
  4623 | D:5      | Found a sparkling altar of Nemelex Xobeh.
  4637 | D:5      | Reached XP level 9. HP: 28/54 MP: 9/9
  5387 | D:6      | Reached skill level 1 in Evocations
  5514 | D:6      | Found a staircase to the Ecumenical Temple.
  5520 | Temple   | Entered the Ecumenical Temple
  5530 | Temple   | Became a worshipper of Warmaster Okawaru
  5731 | D:7      | Killed Eustachio
  5920 | D:7      | Reached skill level 1 in Invocations
  6139 | D:7      | Found a blossoming altar of Fedhas.
  6257 | D:7      | Reached * piety under Okawaru
  6295 | D:7      | Found a shimmering blue altar of Sif Muna.
  6488 | D:7      | Found Zinlumug's Antique Weapon Emporium.
  6843 | D:8      | Noticed Grum
  6858 | D:8      | HP: 1/55 [Grum/+1 halberd (12)]
  6864 | D:8      | Killed Grum
  7099 | D:8      | Reached XP level 10. HP: 60/60 MP: 11/11
  7226 | D:8      | Reached ** piety under Okawaru
  7303 | D:8      | Found a bloodstained altar of Trog.
  7517 | D:8      | Found a staircase to the Lair.
  7852 | D:9      | Found a hide-covered altar of Uskayaw.
  7985 | D:9      | Found a radiant altar of Vehumet.
  7985 | D:9      | Noticed a two-headed ogre
  7992 | D:9      | Killed a two-headed ogre
  7992 | D:9      | Reached *** piety under Okawaru
  8563 | D:10     | Entered Level 10 of the Dungeon
  8563 | D:10     | Found a burning altar of Makhleb.
  8743 | D:10     | Noticed a boulder beetle
  8765 | D:10     | Killed a boulder beetle
  8766 | D:10     | Reached XP level 11. HP: 43/66 MP: 13/13
  8909 | D:10     | Noticed a two-headed ogre
  8917 | D:10     | Killed a two-headed ogre
  9091 | D:10     | Reached **** piety under Okawaru
  9323 | D:10     | Noticed a sea snake
  9459 | D:10     | Noticed a sea snake
  9564 | D:10     | Found a shadowy altar of Dithmenos.
 10177 | D:11     | Noticed a manticore
 10193 | D:11     | Killed a manticore
 10552 | D:11     | Noticed a manticore
 10562 | D:11     | Killed a manticore
 10663 | D:11     | Found a staircase to the Orcish Mines.
 10811 | D:11     | Reached skill level 10 in Shields
 11129 | D:12     | Noticed a deep elf pyromancer
 11136 | D:12     | Killed a deep elf pyromancer
 11136 | D:12     | Reached ***** piety under Okawaru
 11137 | D:12     | Reached skill level 10 in Armour
 11215 | D:12     | Noticed Frances
 11228 | D:12     | Killed Frances
 11419 | D:12     | Found a runed translucent door.
 11419 | D:12     | Noticed bchevrier's ghost (journeyman GnWn)
 11519 | D:12     | Received a gift from Okawaru
 11544 | D:12     | Reached skill level 5 in Dodging
 11544 | D:12     | Reached skill level 5 in Invocations
 11595 | D:12     | Reached XP level 12. HP: 66/72 MP: 15/15
 12031 | D:12     | Found Pudam's Weapon Shoppe.
 12588 | Lair:1   | Entered Level 1 of the Lair of Beasts
 13434 | Lair:2   | Noticed an eight-headed hydra
 13447 | Lair:2   | Killed a two-headed hydra
 13471 | Lair:2   | Reached skill level 5 in Evocations
 13471 | Lair:2   | Found a staircase to the Shoals.
 14027 | Lair:2   | Reached XP level 13. HP: 34/79 MP: 17/17
 14398 | Lair:2   | Identified the +5 tower shield of the Spheres {-Tele rF++
                  | Str+4 Stlth+} (Okawaru gifted it to you on level 2 of the
                  | Lair of Beasts)
 14398 | Lair:2   | Received a gift from Okawaru
 15777 | Lair:3   | Found a staircase to the Snake Pit.
 15783 | Lair:3   | Reached skill level 10 in Long Blades
 16717 | Lair:3   | Noticed Urug
 16729 | Lair:3   | Killed Urug
 17387 | Lair:4   | Identified the +8 glaive "Imposk" {vorpal, Dex+4 Stlth-}
                  | (Okawaru gifted it to you on level 4 of the Lair of Beasts)
 17387 | Lair:4   | Received a gift from Okawaru
 17388 | Lair:4   | Gained mutation: Your large and strong wings let you fly.
                  | [Gargoyle growth]
 17388 | Lair:4   | Reached XP level 14. HP: 78/86 MP: 19/19
 17652 | Lair:4   | Found a staircase to the Slime Pits.
 18158 | Lair:5   | Entered Level 5 of the Lair of Beasts
 18588 | Lair:5   | Noticed Rupert
 18604 | Lair:5   | Killed Rupert
 18695 | Lair:5   | Noticed Sonja
 18700 | Lair:5   | Killed Sonja
 19204 | Lair:5   | Reached ****** piety under Okawaru
 19204 | Lair:5   | Received a gift from Okawaru
 20066 | Orc:1    | Entered Level 1 of the Orcish Mines
 20322 | Orc:2    | Entered Level 2 of the Orcish Mines
 20385 | Orc:2    | Found Etiseut's Antique Armour Shop.
 20560 | Orc:2    | Found Hibak's Antique Weapon Boutique.
 20569 | Orc:2    | Bought a glowing scimitar for 259 gold pieces
 20665 | Orc:2    | Found Torchoofoq's Magic Scroll Shop.
 20839 | Orc:2    | Found a staircase to the Elven Halls.
 21274 | Orc:2    | Noticed an orc warlord
 21289 | Orc:2    | Killed an orc warlord
 21566 | Orc:2    | Found Xotteg's Antique Armour Emporium.
 21572 | Orc:2    | Found Favo's Antique Weapon Shoppe.
 21577 | Orc:2    | Bought a pair of scorched boots for 361 gold pieces
 21577 | Orc:2    | Identified the +0 pair of boots of Ugairavy {MP-9 Str+3
                  | Dex+3} (You bought it in a shop on level 2 of the Orcish
                  | Mines)
 21817 | Orc:1    | Noticed an orc warlord
 22667 | Orc:2    | Killed an orc warlord
 22680 | Orc:1    | Paralysed by an orc sorcerer for 3 turns
 22689 | Orc:2    | Reached skill level 10 in Fighting
 23061 | D:13     | Reached XP level 15. HP: 92/92 MP: 12/21
 23177 | D:13     | Identified the +5 long sword of the Asp {freeze, rElec rC+
                  | rCorr Dex+4} (Okawaru gifted it to you on level 13 of the
                  | Dungeon)
 23177 | D:13     | Received a gift from Okawaru
 24014 | D:14     | Got the Omnibus of Snow
 24271 | D:14     | Noticed Azrael
 24291 | D:14     | Killed Azrael
 24557 | D:14     | Received a gift from Okawaru
 24818 | D:14     | Found a gate to the Vaults.
 25049 | D:14     | Identified a scroll of acquirement
 25086 | D:15     | Entered Level 15 of the Dungeon
 25115 | D:15     | Found a large runed translucent door.
 25116 | D:15     | Found a large runed translucent door.
 25125 | D:15     | Noticed logorrheac's ghost (journeyman TrBe)
 25716 | D:15     | Received a gift from Okawaru
 25900 | D:15     | Found a staircase to the Depths.
 26683 | Snake:1  | Entered Level 1 of the Snake Pit
 26774 | Snake:1  | Noticed Kirke
 26810 | Snake:1  | Killed Kirke
 27225 | Snake:1  | Reached XP level 16. HP: 90/99 MP: 13/22
 27228 | Snake:1  | Noticed Louise
 27244 | Snake:1  | Killed Louise
 27460 | Snake:1  | Noticed Aizul
 27494 | Snake:1  | Killed Aizul
 27530 | Snake:1  | Received a gift from Okawaru
 28728 | Snake:1  | Reached skill level 15 in Armour
 28728 | Snake:1  | Reached skill level 15 in Shields
 29400 | Orc:2    | Bought a scroll of identify for 36 gold pieces
 29400 | Orc:2    | Bought a scroll of enchant armour for 135 gold pieces
 29400 | Orc:2    | Bought a scroll of teleportation for 54 gold pieces
 29400 | Orc:2    | Bought 2 scrolls of teleportation for 108 gold pieces
 29400 | Orc:2    | Bought a scroll of fear for 72 gold pieces
 29400 | Orc:2    | Bought a scroll of magic mapping for 135 gold pieces
 29400 | Orc:2    | Bought a scroll of blinking for 135 gold pieces
 29400 | Orc:2    | Bought a scroll of poison for 72 gold pieces
 29656 | Snake:2  | Noticed Saint Roka
 29756 | Snake:2  | Killed Saint Roka
 30389 | Snake:2  | Found an iron altar of Okawaru.
 30493 | Snake:2  | Noticed a nagaraja
 30503 | Snake:2  | Killed a nagaraja
 30697 | Snake:2  | Noticed Mlioglotl
 30705 | Snake:2  | Identified the +1 robe of Spite {rElec} (Okawaru gifted it
                  | to you on level 2 of the Snake Pit)
 30705 | Snake:2  | Received a gift from Okawaru
 30717 | Snake:2  | Killed Mlioglotl
 31273 | Snake:3  | Found Dyuxuh's Jewellery Shoppe.
 31276 | Snake:3  | Bought the ring "Keifeph" {rN++ Str+6} for 695 gold pieces
 31323 | Snake:3  | Reached skill level 10 in Invocations
 31325 | Snake:3  | Reached XP level 17. HP: 102/104 MP: 15/24
 32375 | Snake:4  | Entered Level 4 of the Snake Pit
 33235 | Snake:4  | Noticed a quicksilver dragon
 33251 | Snake:4  | Killed a quicksilver dragon
 33262 | Snake:4  | Noticed a quicksilver dragon
 33275 | Snake:4  | Killed a quicksilver dragon
 33587 | Snake:4  | Got a serpentine rune of Zot
 33915 | Shoals:1 | Entered Level 1 of the Shoals
 33915 | Shoals:1 | Found Lurawuan's Book Emporium.
 34067 | Shoals:1 | Received a gift from Okawaru
 34327 | Shoals:2 | Noticed Polyphemus
 34364 | Shoals:2 | Killed Polyphemus
 34893 | Shoals:2 | Noticed Ilsuiw
 34926 | Shoals:2 | Killed Ilsuiw
 34954 | Shoals:2 | Reached XP level 18. HP: 65/112 MP: 14/26
 35533 | Shoals:3 | Found a frozen archway.
 35537 | IceCv    | Entered an ice cave
 35849 | IceCv    | Mangled by a caustic shrike simulacrum

Illustrated notes

Levels and vault maps discovered:
D:1:      heliophobic_arrival_glass_houses, layout_rooms,
          shapermc_ecumenical_altar_hornbeckon
D:2:      layout_loops_ring, hex_tiny
D:3:      layout_loops_corners, kennysheep_nub
D:4:      layout_basic, nicolae_gozag_cash_rules_everything_around_me,
          nicolae_wu_jian_wuxing_cycle, lightli_minifort
D:5:      layout_rooms, mainiacjoe_overflow_catwalk,
          nemelex_xobeh_ov_fountains_minmay
D:6:      layout_loops_ring, mainiacjoe_overflow_divided_tiny,
          minmay_temple_entry_enclosed_plants, minivault_4, minmay_manual_mess,
          uniq_eustachio
D:7:      layout_cave_pods, lemuel_crystal_altar, kennysheep_little_box,
          serial_rivers, chequers_serial_rivers_room_b,
          chequers_serial_rivers_micro_a, chequers_serial_rivers_micro_e,
          chequers_serial_rivers_micro_a, chequers_serial_rivers_small_3,
          serial_shops, kennysheep_mini_moat
D:8:      layout_loops_ring, trog_book, dpeg_oklobed_lair, uniq_grum
D:9:      layout_gridville, eat_drink_and_be_merry_uskayaw,
          nicolae_vehumet_radiance, bh_circular_ruins
D:10:     layout_roguey [special_room_orc], grunt_dithmenos_smoke,
          mainiacjoe_overflow_chevrons, serial_aquarium,
          aquarium_bridge_long_separate [aquarium_subvault_wall,
          aquarium_subvault_bridge, aquarium_subvault_wall,
          aquarium_subvault_wall, aquarium_subvault_bridge,
          aquarium_subvault_wall], aquarium_bridge_square
          [aquarium_subvault_bridge, aquarium_subvault_window,
          aquarium_subvault_bridge, aquarium_subvault_bridge],
          aquarium_window_2, aquarium_window_fake, aquarium_view_2b,
          aquarium_view_2f
D:11:     layout_loops_ring, david_orc_4
D:12:     layout_stronghold, serial_shops, shop, hellmonk_ghost_happy_afterlife,
          uniq_frances
D:13:     layout_roguey, fountainhead
D:14:     minmay_cut_squares, layout_basic, grunt_vaults_entry_fortified,
          uniq_azrael
D:15:     hangedman_depths_entry_civil_slaughter, layout_cave_pools,
          ebering_ghost_disaster_area, abandoned_shop
Temple:   hellmonk_temple_rainy
Lair:1:   layout_roguey, serial_bayou_pond_d, cheibrodos_lair_reptile_den,
          infiniplex_staircase_pool
Lair:2:   regret_index_combs_of_tragedy, layout_gridlike,
          elwin_shoals_entry_stream, chequers_serial_rivers_micro_a,
          nicolae_lair_grazing_beasts [nicolae_sub_lair_graze_edge,
          nicolae_sub_lair_graze_edge, nicolae_sub_lair_graze_edge,
          nicolae_sub_lair_graze_edge]
Lair:3:   layout_loops_ring, minmay_snake_entry_guardpost_small,
          lemuel_fruit_tree, uniq_urug
Lair:4:   layout_gridlike, slime_entry_1
Lair:5:   gammafunk_lair_ancient_temple, layout_cave_pods,
          chequers_serial_rivers_micro_b, uniq_sonja, uniq_rupert
Shoals:1: layout_shoals, serial_shops, nicolae_shop_stone,
          nicolae_shoals_siren_and_animal_friends
Shoals:2: layout_shoals, uniq_polyphemus, uniq_ilsuiw
Shoals:3: layout_shoals, serial_shops, nicolae_shop_bloodbath_and_beyond,
          portal_ice_cave_entry_pillars_four
Snake:1:  layout_chambers, serial_bayou, serial_bayou_shore_b,
          serial_bayou_pond_b, serial_bayou_crossing, serial_bayou_lake_a,
          uniq_aizul, uniq_louise, uniq_kirke
Snake:2:  layout_gridlike, basic_altar, uniq_mlioglotl, uniq_saint_roka
Snake:3:  layout_layer_cave, nicolae_stop_n_shop_1
Snake:4:  hellmonk_snake_rune_quicksilver_temple, layout_cave_town
Orc:1:    layout_caves
Orc:2:    grunt_orc_community_town_hall, layout_diamond_mine,
          grunt_orc_community_big_house_2, grunt_orc_community_big_house_2,
          grunt_orc_community_house_1, grunt_orc_community_house_2,
          grunt_orc_community_house_3, grunt_orc_community_house_1,
          grunt_orc_community_house_3, grunt_orc_community_house_2,
          serial_shops, shop, basic_altar, guppyfry_library_mini
IceCv:    ice_cave_small_necro

Skill      XL: |  1  2  3  4  5  6  7  8  9 10 11 12 13 14 15 16 17 |
---------------+----------------------------------------------------+-----
Long Blades    | 2 3 4 5 6 7 8 9 10 11 12 13 | 13.9
Shields        | 4 5 7 8 9 10 11 12 13 14 15 16 | 16.5
Armour         | 4 5 6 8 9 10 11 12 13 14 15 16 | 16.5
Dodging        | 1 2 3 4 5 6 7 8 |  8.9
Fighting       | 4 5 6 7 8 9 10 11 12 | 12.2
Evocations     | 2 3 4 5 6 7 8 9 |  9.2
Invocations    | 2 3 5 6 7 8 9 10 | 10.8

Action                   |  1- 3 |  4- 6 |  7- 9 | 10-12 | 13-15 | 16-18 || total
-------------------------+-------+-------+-------+-------+-------+-------++-------
Melee: Long sword        |   149 |    60 |   156 |   477 |  1263 |  1293 ||  3398
       Unarmed           |       |       |       |       |     5 |       ||     5
       Scimitar          |       |       |       |       |       |     2 ||     2
Invok: Heroism           |       |       |       |     7 |    21 |    24 ||    52
       Finesse           |       |       |       |     1 |     5 |    15 ||    21
Evoke: Wand              |       |       |       |     5 |     8 |    10 ||    23
       Condenser vane    |       |       |       |       |       |     1 ||     1
  Use: Scroll            |     4 |     5 |     6 |     8 |     5 |     1 ||    29
       Potion            |       |       |     3 |     1 |     4 |       ||     8
 Stab: Distracted        |       |       |     1 |     2 |     6 |       ||     9
       Invisible         |       |       |       |       |       |     6 ||     6
Armor: Scale mail        |   115 |    41 |    42 |       |       |       ||   198
       Chain mail        |       |       |    29 |    19 |       |       ||    48
       Plate armour      |       |       |       |   262 |   455 |   332 ||  1049
Dodge: Dodged            |    95 |    18 |    62 |   119 |   226 |   213 ||   733
Block: Buckler           |    23 |    12 |    81 |   214 |    98 |       ||   428
       Reflection        |       |       |     1 |    14 |    89 |   104 ||   208
       Tower shield      |       |       |       |       |  1351 |  1592 ||  2943

Table legend: (Time is in decaauts)
 A = Elapsed time spent in this place.
 B = Non-inter-level travel time spent in this place.
 C = Inter-level travel time spent in this place.
 D = Time resting spent in this place.
 E = Time spent auto-exploring this place.
 F = Levels seen in this place.
 G = Mean time per level.
                   A        B        C        D        E       F      G
               +--------+--------+--------+--------+--------+-----+--------+
         Total |  35650 |  33755 |   1895 |   4601 |  18910 |  31 | 1150.0 |
       Dungeon |  16817 |  15860 |    957 |   1352 |  10559 |  15 | 1121.1 |
        Temple |     28 |     19 |      9 |      0 |      2 |   1 |   28.0 |
          Lair |   7579 |   7179 |    400 |    857 |   4697 |   5 | 1515.8 |
        Shoals |   1520 |   1520 |      0 |    269 |    232 |   3 |  506.7 |
     Snake Pit |   6451 |   6250 |    201 |   1102 |   2621 |   4 | 1612.8 |
  Orcish Mines |   2956 |   2630 |    326 |    777 |    798 |   2 | 1478.0 |
      Ice Cave |    295 |    295 |      0 |    244 |      0 |   1 |  295.0 |
               +--------+--------+--------+--------+--------+-----+--------+

Top non-repeatable levels by time:
 Snake:1: 2621 daAuts
   Orc:2: 2388 daAuts
  Lair:2: 2269 daAuts
    D:14: 2085 daAuts
    D:11: 1835 daAuts
  Lair:5: 1687 daAuts
  Lair:3: 1548 daAuts
    D:12: 1446 daAuts
 Snake:4: 1417 daAuts
 Snake:2: 1320 daAuts
     D:4: 1296 daAuts
     D:8: 1212 daAuts
  Lair:1: 1131 daAuts
 Snake:3: 1092 daAuts
    D:10: 1069 daAuts
